 Dungeon Crawl Stone Soup version 0.26-a0-835-g8259106e14 (webtiles) character file.

Game seed: 2348513214201099184

1058 jasper the Blocker (level 8, -9/67 HPs)
             Began as a Palentonga Fighter on Nov 17, 2020.
             Mangled by Menkaure (14 damage)
             ... on level 6 of the Dungeon.
             The game lasted 00:08:34 (5369 turns).

jasper the Blocker (Palentonga Fighter)             Turns: 5369, Time: 00:08:35

Health: -9/67      AC: 17    Str: 19    XL:     8   Next: 6%
Magic:  8/8        EV:  5    Int: 10    God:
Gold:   373        SH: 16    Dex: 11    Spells: 7/7 levels left

rFire    x . .     SeeInvis +     - Unarmed
rCold    + . .     Faith    .   c - +0 tower shield
rNeg     . . .     Spirit   .   a - +0 scale mail
rPois    +         Reflect  .   A - +2 helmet
rElec    .         Harm     .   u - +0 cloak (curse)
rCorr    .         Rampage  .   (no gloves)
MR       .....                  (no barding)
Stlth    ..........             (no amulet)
HPRegen  0.21/turn              w - ring of ice
MPRegen  0.11/turn              t - ring of poison resistance

@: curled up
A: large, rugged brown scales 3, see invisible, deformed body, roll 1, armoured
tail, reflexive curl
a: Rolling Charge


You were on level 6 of the Dungeon.
You visited 1 branch of the dungeon, and saw 7 of its levels.

You collected 373 gold pieces.

Inventory:

Missiles
 f - 277 stones
 v - 8 javelins (quivered)
Armour
 a - a +0 scale mail (worn)
 b - a +0 kite shield
 c - a +0 tower shield (worn)
 k - a +0 helmet
 u - a cursed +0 cloak (worn)
 A - a +2 helmet (worn)
Jewellery
 i - an uncursed ring of positive energy
 r - an uncursed ring of stealth
 t - a ring of poison resistance (right hand)
 w - a ring of ice (left hand)
Wands
 o - a wand of random effects (6)
Scrolls
 d - a scroll of immolation {unknown}
 e - 3 scrolls of remove curse {unknown}
 h - a scroll of enchant armour {unknown}
 j - 2 scrolls of magic mapping {unknown}
 l - 11 scrolls of identify
 p - a scroll of blinking {unknown}
 s - 3 scrolls of fear {unknown}
Potions
 g - a potion of brilliance
 m - a potion of attraction {unknown}
 n - a potion of degeneration {unknown}
 q - a potion of mutation {unknown}


   Skills:
 - Level 3.0 Fighting
 - Level 2.4 Armour
 * Level 8.2 Shields
 - Level 2.4 Unarmed Combat


You had 7 spell levels left.
You didn't know any spells.
Your spell library was empty.

Dungeon Overview and Level Annotations

Branches:
Dungeon (7/15)
 Temple: D:4-7

Altars:
Fedhas
Nemelex Xobeh
Okawaru
Ru
The Shining One

Annotations:
D:6 Menkaure


Innate Abilities, Weirdness & Mutations

You are completely covered in rugged brown scales. (AC +3, +7% HP)
You have supernaturally acute eyesight. (SInv)
Armour fits poorly on your strangely shaped body.
You can roll at nearby foes to attack.
You have a long armoured tail.
You curl defensively after being hit.


Message History

Your shield and scale mail prevent you from hitting the orc priest.
You tail-slap the orc priest!
You kill the orc priest!
Okay, then.
Roll where?
Press: ? - help, Dir - move target cursor, f - Menkaure
Aim: Menkaure (fast)
You roll forward with a clatter of scales!
You hit Menkaure.
Menkaure is lightly damaged.
Menkaure barely misses you.
You hit Menkaure but do no damage.
Menkaure is lightly damaged.
Menkaure hits you!
* * * LOW HITPOINT WARNING * * *
You take 16 damage, and have 5/67 hp.
MASSIVE DAMAGE!!
You hit Menkaure.
Menkaure is lightly damaged.
Menkaure hits you!
You die...

.. #.# ##.## ##
##### #... ..#
.M.# #..# #.# #
#.## #..# ##.##.#
#.)###.[###...#.#
#..)÷M@.##......#
#..####○°○......#
#..# ####..$..##
#..# ##.>.## ..##
##........ ####
#########


You could see Menkaure (fast).

Vanquished Creatures
  Eustachio (D:6)
  A phantom (D:3)
  2 centaurs (D:5)
  A bullfrog (D:6)
  5 orc priests
  A hound (D:5)
  4 orc wizards
  An iguana (D:5)
  Robin (D:2)
  10 adders
  2 river rats (D:5)
  A shadow imp (D:2)
  A white imp (D:5)
  2 ufetubi (D:5)
  An ooze (D:2)
  2 adder skeletons (D:5)
  4 worms (D:5)
  A dart slug (D:1)
  6 leopard geckos
  12 orcs
  8 bats
  6 giant cockroaches
  11 hobgoblins
  8 jackals
  4 kobolds (D:1)
  A quokka (D:3)
  6 frilled lizards
  22 goblins
  10 rats
135 creatures vanquished.

Notes
Turn   | Place    | Note
-------+----------+-------------------------------------------
     0 | D:1      | jasper the Palentonga Fighter began the quest for the Orb.
     0 | D:1      | Reached XP level 1. HP: 20/20 MP: 1/1
   201 | D:1      | Reached XP level 2. HP: 27/27 MP: 2/2
   412 | D:1      | Reached skill level 3 in Shields
   774 | D:1      | Reached XP level 3. HP: 33/33 MP: 3/3
  1150 | D:2      | Found a sacrificial altar of Ru.
  1696 | D:2      | Noticed Robin
  1705 | D:2      | Killed Robin
  1706 | D:2      | Reached skill level 4 in Shields
  1706 | D:2      | Reached XP level 4. HP: 35/40 MP: 4/4
  2097 | D:3      | Found a faded altar of an unknown god.
  2396 | D:3      | Reached XP level 5. HP: 19/48 MP: 5/5
  2406 | D:3      | Reached skill level 5 in Shields
  3155 | D:4      | Noticed a phantom
  3169 | D:4      | Reached XP level 6. HP: 50/54 MP: 6/6
  3479 | D:4      | Found a sparkling altar of Nemelex Xobeh.
  3762 | D:5      | Entered Level 5 of the Dungeon
  3844 | D:5      | Reached skill level 6 in Shields
  4150 | D:5      | Gained mutation: You curl defensively after being hit.
                  | [Palentonga growth]
  4150 | D:5      | Reached XP level 7. HP: 24/60 MP: 7/7
  4480 | D:5      | Reached skill level 7 in Shields
  4907 | D:5      | You fall into a shaft and drop 1 floor!
  4908 | D:6      | Noticed Eustachio
  4944 | D:6      | Killed Eustachio
  4945 | D:6      | Reached skill level 8 in Shields
  4946 | D:6      | Noticed Menkaure
  4991 | D:7      | Reached XP level 8. HP: 18/67 MP: 8/8
  5260 | D:7      | Found a glowing golden altar of the Shining One.
  5319 | D:7      | Noticed a troll
  5328 | D:7      | Found an iron altar of Okawaru.
  5345 | D:7      | Found a blossoming altar of Fedhas.
  5369 | D:6      | Mangled by Menkaure

Illustrated notes

Levels and vault maps discovered:
D:1:      ncdulo_smallfort, layout_basic, minmay_domino_2
D:2:      layout_loops_ring, hangedman_decor_growths, hex_medium,
          grunt_ministairs_2, hangedman_ru_absence, uniq_robin
D:3:      layout_basic, chequers_ecumenical_altar_simple_redux
D:4:      layout_basic, nemelex_altar_shiori
D:5:      cheibrodos_quashed, layout_basic, lightli_sewer_entry_pipes
D:6:      layout_loops_ring, general_overflow_altar, zin_treasury,
          minmay_temple_entry_proselytizer, uniq_maggie, uniq_duvessa,
          uniq_menkaure, uniq_eustachio
D:7:      layout_rooms, kennysheep_little_box, nicolae_overflow_crystal_walls,
          fedhas_altar_1, okawaru_ov_weapons_minmay

Skill      XL: |  1  2  3  4  5  6  7 |
---------------+----------------------+-----
Shields        | 3 4 5 6 8 |  8.2
Fighting       | |  3.0
Armour         | |  2.4
Unarmed Combat | |  2.4

Action                   |  1- 3 |  4- 6 |  7- 9 || total
-------------------------+-------+-------+-------++-------
Melee: Unarmed           |   182 |   261 |   182 ||   625
       Tailslap          |    20 |    37 |    26 ||    83
Throw: Stone             |     2 |     2 |       ||     4
       Javelin           |       |    14 |     7 ||    21
 Abil: Rolling Charge    |       |     8 |     5 ||    13
Evoke: Wand              |     3 |       |    13 ||    16
  Use: Potion            |       |     1 |     5 ||     6
       Scroll            |       |       |     1 ||     1
Armor: Scale mail        |    84 |   107 |    97 ||   288
Dodge: Dodged            |    36 |    44 |    36 ||   116
Block: Kite shield       |    80 |    74 |       ||   154
       Tower shield      |       |   107 |   187 ||   294

Table legend: (Time is in decaauts)
 A = Elapsed time spent in this place.
 B = Non-inter-level travel time spent in this place.
 C = Inter-level travel time spent in this place.
 D = Time resting spent in this place.
 E = Time spent auto-exploring this place.
 F = Levels seen in this place.
 G = Mean time per level.
                   A        B        C        D        E       F      G
               +--------+--------+--------+--------+--------+-----+--------+
         Total |   5435 |   5261 |    174 |    392 |   3675 |   7 |  776.4 |
       Dungeon |   5435 |   5261 |    174 |    392 |   3675 |   7 |  776.4 |
               +--------+--------+--------+--------+--------+-----+--------+

Top non-repeatable levels by time:
     D:2: 1201 daAuts
     D:5: 1195 daAuts
     D:3: 1145 daAuts
     D:1: 879 daAuts
     D:4: 549 daAuts
     D:7: 409 daAuts
     D:6: 54 daAuts
